 Dungeon Crawl Stone Soup version 0.28.0-53-g5a82cb258f (webtiles) character file.

Game seed: 15829578547539505040

1940 infcreate the Covert (level 8, -8/41 HPs)
             Began as a Vampire Enchanter on July 28, 2022.
             Mangled by an orc warrior zombie
             ... wielding a +0 halberd
              (16 damage)
             ... in a bailey.
             The game lasted 00:16:38 (8636 turns).

infcreate the Covert (Vampire Enchanter)            Turns: 8636, Time: 00:16:39

Health: -8/41      AC:  2    Str:  7    XL:     8   Next: 98%
Magic:  12/15      EV: 21    Int: 17    God:
Gold:   306        SH:  5    Dex: 23    Spells: 5/17 levels left

rFire   . . .      SeeInvis +   a - +1 dagger (vamp)
rCold   + + .      Faith    .   (no shield)
rNeg    + + +      Spirit   .   b - +0 robe
rPois   ∞          Reflect  +   (no helmet)
rElec   .          Harm     .   (no cloak)
rCorr   .          Rampage  .   (no gloves)
Will    .....                   (no boots)
Stlth   +++++++...              d - amulet of reflection
HPRegen 0.00/turn               D - +6 ring of dexterity
MPRegen 0.14/turn               E - +4 ring of evasion

@: confusing by touch, bloodless, inhibited regen
A: bloodless, fangs 3, see invisible, vampiric 2
a: Bat Form, Revivify


You were in a bailey.
You visited 1 branch of the dungeon, and saw 7 of its levels.
You also visited: Ossuary and Bailey.

You collected 318 gold pieces.
You spent 12 gold pieces at shops.


Innate Abilities, Weirdness & Mutations

You do not regenerate when monsters are visible.
You are frail without blood (-20% HP).
You can heal yourself when you bite living creatures.
You are immune to poison.
You have razor-sharp teeth.
You have supernaturally acute eyesight. (SInv)
You are afflicted with vampirism and can become a bat while bloodless.


   Skills:
 + Level 5.7 Short Blades
 + Level 6.1 Dodging
 + Level 9.2 Stealth
 + Level 5.1 Spellcasting
 + Level 8.7 Hexes


You had 5 spell levels left.
You knew the following spells:

 Your Spells              Type           Power      Damage    Failure   Level
c - Confusing Touch       Hex            34%        N/A       1%          3
d - Tukima's Dance        Hex            34%        N/A       1%          3
e - Ensorcelled Hibernat  Hex/Ice        38%        N/A       3%          2
f - Dazzling Flash        Conj/Hex       38%        N/A       7%          3
s - Slow                  Hex            100%       N/A       1%          1

Your spell library contained the following spells:

 Spells                   Type           Power      Damage    Failure   Level
 Sublimation of Blood     Necr           4%         N/A       22%         2
 Wereblood                Tmut           4%         N/A       22%         2
 Vampiric Draining        Necr           4%         2d6       38%         3
 Summon Hydra             Summ           2%         N/A       100%        7

Inventory:

Hand Weapons
 a - a +1 vampiric dagger (weapon)
 j - a +1 short sword of speed
 w - a +1 dagger of draining
Armour
 b - a +0 robe (worn)
Magical Staves
 q - a staff of conjuration {!a}
Jewellery
 d - an amulet of reflection (around neck)
 D - a +6 ring of dexterity (left hand)
 E - a +4 ring of evasion (right hand)
Scrolls
 e - a scroll of magic mapping
 h - a scroll of brand weapon
 m - a scroll of summoning {unknown}
 n - 3 scrolls of teleportation {@r2}
 o - a scroll of fog {unknown}
 s - a scroll of vulnerability {unknown}
 t - a scroll of blinking {unknown}
 u - a scroll of fear {unknown}
 y - a scroll of enchant armour {unknown}
Potions
 c - a potion of invisibility
 f - a potion of berserk rage {unknown}
 g - 6 potions of curing {@q1}
 i - 2 potions of haste {@q3}
 k - 2 potions of attraction
 l - 2 potions of lignification {unknown}
 p - a potion of flight {unknown}
 r - 2 potions of mutation {unknown}
 v - a potion of brilliance {unknown}
 x - a potion of resistance {unknown}

Dungeon Overview and Level Annotations

Branches:
Dungeon (7/15)             Temple (0/1) D:7         Ossuary (visited)
 Bailey (1/1)

Altars:
Ashenzari
Nemelex Xobeh

Shops:
D:1 ! D:4

( ######## ##......##
#..∩..∩..# #........#
###......###
##...Z......##
#...@#..#....#
≈≈≈≈≈≈≈≈≈≈≈#..#≈≈≈≈≈≈♣
≈≈≈≈≈≈≈≈≈≈≈#..#≈≈≈≈≈≈♣
...........#..#▒▒▒▒♣♣♣
Z.▒+▒▒▒▒▒▒▒#Z.#...▒ Z
▒..Z....▒#))#...▒
▒Z.Z.Z..▒#Z.#...▒
▒+▒▒▒▒▒'▒#..#...▒
▒▒........#..#...▒


You could see an orc warrior zombie.


Message History

You hit the orc zombie but do no damage.
You bite the orc zombie.
The orc zombie is moderately damaged.
The orc warrior zombie hits you from afar with a +0 halberd!
You hit the orc zombie.
The orc zombie is severely damaged.
The orc zombie closely misses you.
You hit the orc zombie but do no damage.
The orc zombie is severely damaged.
The orc warrior zombie hits you from afar with a +0 halberd!
* * * LOW HITPOINT WARNING * * *
The orc zombie barely misses you.
Okay, then.
Casting: Confusing Touch (safe; 1% risk of failure)
Confirm with . or Enter, or press ? or * to list all spells.
Your hands begin to glow red.
The orc warrior zombie barely misses you.
You hit the orc zombie but do no damage.
The orc zombie appears confused.
The orc zombie is severely damaged.
The orc zombie misses you.
The orc zombie seems less confused.
You see here a +0 spear.
You start resting.
An orc warrior zombie is nearby!
Casting: Confusing Touch (safe; 1% risk of failure)
Confirm with . or Enter, or press ? or * to list all spells.
Your hands begin to glow red.
The orc warrior zombie hits you with a +0 halberd!
You die...

Skill      XL: |  1  2  3  4  5  6  7  8 |
---------------+-------------------------+-----
Stealth        | 5 6 8 9 |  9.2
Short Blades   | 2 3 4 5 |  5.7
Hexes          | 5 6 7 8 |  8.7
Dodging        | 3 4 5 6 |  6.1
Spellcasting   | 3 4 5 |  5.1

Action                   |  1- 3 |  4- 6 |  7- 9 || total
-------------------------+-------+-------+-------++-------
Melee: Dagger            |    59 |   297 |   163 ||   519
       Bite              |     6 |    38 |    22 ||    66
       Punch             |       |     4 |     1 ||     5
 Cast: Ensorcelled Hiber |    15 |    23 |     9 ||    47
       Confusing Touch   |     2 |    19 |    25 ||    46
       Tukima's Dance    |       |     9 |     5 ||    14
 Abil: Exsanguinate      |     1 |       |       ||     1
  Use: Scroll            |       |     3 |     6 ||     9
 Stab: Sleeping          |    19 |    46 |    17 ||    82
       Confused          |     2 |    17 |    16 ||    35
       Distracted        |       |       |     1 ||     1
Armor: Robe              |     5 |    28 |     2 ||    35
Dodge: Dodged            |    39 |   123 |    60 ||   222
Block: Other             |     6 |    43 |    18 ||    67
       Reflection        |       |       |     1 ||     1

Levels and vault maps discovered:
D:1:      matt_arrival_refuge, layout_loops_ring,
          hellmonk_ecumenical_altar_dog_temple, serial_shops, shop,
          minmay_tetromino_s4
D:2:      layout_basic, minmay_misc_feat_plants, minmay_tripent
D:3:      corexii_shack_village, layout_loops_ring,
          mainiacjoe_overflow_24_doors, cheibrodos_ashenzari_chains,
          minmay_misc_feat_rugged
D:4:      layout_basic, serial_shops, shop, dk_rats_in_the_wall
D:5:      layout_gridville, enter_ossuary_3, minmay_diced_spiral
D:6:      layout_rooms, abandoned_shop, item_on_display_a
D:7:      layout_loops_ring, minmay_temple_entry_waves, enter_bailey_3,
          dk_noncrumbling_3
Bailey:   bailey_polearm_vampire_castle_hellmonk, bailey

Notes
Turn   | Place    | Note
-------+----------+-------------------------------------------
     0 | D:1      | infcreate the Vampire Enchanter began the quest for the
                  | Orb.
     0 | D:1      | Reached XP level 1. HP: 13/13 MP: 3/3
   363 | D:1      | Found a faded altar of an unknown god.
   383 | D:1      | Reached XP level 2. HP: 10/15 MP: 5/5
   400 | D:1      | Learned a level 2 spell: Ensorcelled Hibernation
   777 | D:1      | Found Coot's Distillery.
   785 | D:1      | Bought a potion of degeneration for 12 gold pieces
  1204 | D:2      | Gained mutation: You are afflicted with vampirism and can
                  | become a bat while bloodless. [Vampire growth]
  1204 | D:2      | Reached XP level 3. HP: 19/19 MP: 1/6
  1208 | D:2      | Learned a level 3 spell: Confusing Touch
  1397 | D:2      | Reached skill level 5 in Stealth
  1478 | D:2      | Reached skill level 2 in Short Blades
  1478 | D:2      | Reached skill level 5 in Hexes
  1720 | D:2      | Reached XP level 4. HP: 24/24 MP: 4/7
  1975 | D:2      | Reached skill level 3 in Dodging
  3290 | D:3      | Found a broken altar of Ashenzari.
  3425 | D:3      | Found a sparkling altar of Nemelex Xobeh.
  3858 | D:4      | Noticed a scorpion
  3950 | D:4      | Found Ecwef's Antique Weapon Boutique.
  4173 | D:4      | Reached XP level 5. HP: 28/28 MP: 9/9
  4177 | D:4      | Learned a level 3 spell: Tukima's Dance
  4196 | D:4      | You fall into a shaft and drop 1 floor!
  4196 | D:5      | Entered Level 5 of the Dungeon
  4314 | D:5      | Reached skill level 6 in Stealth
  4315 | D:5      | Found a sand-covered staircase.
  4341 | Ossuary  | Entered an ossuary
  4351 | Ossuary  | Reached skill level 3 in Spellcasting
  4746 | Ossuary  | Reached skill level 3 in Short Blades
  4746 | Ossuary  | Reached XP level 6. HP: 31/32 MP: 6/10
  4750 | Ossuary  | Learned a level 3 spell: Dazzling Flash
  4984 | Ossuary  | Reached skill level 6 in Hexes
  5904 | D:5      | Reached skill level 4 in Dodging
  6057 | D:5      | Noticed a water moccasin
  6086 | D:5      | Reached XP level 7. HP: 36/36 MP: 8/12
  6088 | D:5      | Learned a level 1 spell: Slow
  6541 | D:5      | Reached skill level 7 in Stealth
  6622 | D:5      | Reached skill level 4 in Short Blades
  6759 | D:5      | Reached skill level 7 in Hexes
  6778 | D:5      | Reached skill level 4 in Spellcasting
  7371 | D:6      | Noticed a yak
  7371 | D:6      | Noticed a yak
  7371 | D:6      | Noticed a yak
  7372 | D:6      | Killed a yak
  7373 | D:6      | Reached skill level 5 in Dodging
  7373 | D:6      | Reached skill level 8 in Stealth
  7373 | D:6      | Reached XP level 8. HP: 41/41 MP: 14/14
  7377 | D:6      | Reached skill level 5 in Short Blades
  7377 | D:6      | Reached skill level 8 in Hexes
  7647 | D:6      | Reached skill level 9 in Stealth
  7693 | D:6      | Reached skill level 6 in Dodging
  7693 | D:6      | Reached skill level 5 in Spellcasting
  7980 | D:7      | Found a flagged portal.
  8053 | Bailey   | Entered a bailey
  8556 | Bailey   | Noticed a gargoyle
  8636 | Bailey   | Mangled by an orc warrior zombie

Vanquished Creatures
  3 yaks (D:6)
  A sky beast (D:6)
  An ice beast (D:5)
  A necrophage (D:6)
  4 ogres
  A bullfrog (D:6)
  A wyvern zombie (D:6)
  2 scorpions
  A water moccasin zombie (D:5)
  A howler monkey (D:5)
  A hound (D:6)
  An orc priest (D:5)
  A gnoll shaman (D:5)
  A bullfrog skeleton (D:5)
  4 iguanas (D:5)
  An orc wizard (D:5)
  A mummy (Ossuary)
  A gnoll (D:5)
  12 adders
  A howler monkey skeleton (D:6)
  A white imp (D:5)
  A worm (D:2)
  3 dart slugs
  9 orcs
  3 spectral bats (Ossuary)
  3 ball pythons
  5 endoplasms
  A giant cockroach (D:2)
  10 goblins
  8 hobgoblins
  6 jackals (D:1)
  7 kobolds
  3 quokkas
  3 bats
  4 bat simulacra (Ossuary)
  2 frilled lizards
  12 gnoll zombies (Ossuary)
  2 goblin simulacra (Ossuary)
  3 goblin zombies (Ossuary)
  4 hobgoblin zombies (Ossuary)
  A kobold simulacrum (Ossuary)
  5 kobold zombies (Ossuary)
  15 orc zombies
  4 rats
  4 rat simulacra (Ossuary)
  2 rat zombies (D:5)
  3 spectral goblins (Ossuary)
  3 spectral kobolds (Ossuary)
  3 spectral rats (Ossuary)
170 creatures vanquished.

Vanquished Creatures (collateral kills)
  2 gnolls (D:5)
2 creatures vanquished.

Vanquished Creatures (others)
  A dancing weapon (D:5)
  A plant (D:3)
2 creatures vanquished.

Grand Total: 174 creatures vanquished

Table legend: (Time is in decaauts)
 A = Elapsed time spent in this place.
 B = Non-inter-level travel time spent in this place.
 C = Inter-level travel time spent in this place.
 D = Time resting spent in this place.
 E = Time spent auto-exploring this place.
 F = Levels seen in this place.
 G = Mean time per level.
                   A        B        C        D        E       F      G
               +--------+--------+--------+--------+--------+-----+--------+
         Total |   8555 |   8369 |    186 |   1613 |   4847 |   9 |  950.6 |
       Dungeon |   7251 |   7065 |    186 |   1220 |   4512 |   7 | 1035.9 |
       Ossuary |    734 |    734 |      0 |     41 |    311 |   1 |  734.0 |
        Bailey |    569 |    569 |      0 |    352 |     24 |   1 |  569.0 |
               +--------+--------+--------+--------+--------+-----+--------+

Top non-repeatable levels by time:
     D:2: 1594 daAuts
     D:5: 1507 daAuts
     D:4: 1266 daAuts
     D:3: 1124 daAuts
     D:1: 1087 daAuts
 Ossuary: 734 daAuts
  Bailey: 569 daAuts
     D:6: 549 daAuts
     D:7: 122 daAuts

Table legend:
 A = Non-vault XP
 B = Vault XP
 C = Vault XP percentage of total XP
 D = Non-vault monster count
 E = Vault monster count
 F = Vault count percentage of total count
                 A         B        C        D         E       F
            +---------+---------+-------+---------+---------+-------
      Total |    2320 |     452 |  16.3 |      79 |      93 |  54.1
            +---------+---------+-------+---------+---------+-------
        D:1 |      24 |       9 |  27.3 |      11 |       5 |  31.2
        D:2 |     103 |       7 |   6.4 |      18 |       4 |  18.2
        D:3 |      17 |      20 |  54.1 |      10 |       9 |  47.4
        D:4 |     104 |       0 |   0.0 |       6 |       0 |   0.0
        D:5 |     727 |     293 |  28.7 |      21 |       8 |  27.6
        D:6 |    1345 |       0 |   0.0 |      13 |       0 |   0.0
        D:7 |       0 |       7 | 100.0 |       0 |       4 | 100.0
    Ossuary |       0 |      83 | 100.0 |       0 |      54 | 100.0
     Bailey |       0 |      33 | 100.0 |       0 |       9 | 100.0
            +---------+---------+-------+---------+---------+-------
